 Dungeon Crawl Stone Soup version 0.21-a0-504-g2eda330 (webtiles) character file.

13099 4thArraOfDagon the Arsonist (level 11, -24/54 HPs)
             Began as a Deep Elf Fire Elementalist on Nov 26, 2017.
             Was an Elder of Sif Muna.
             Hit by a large rock thrown by a cyclops (32 damage)
             ... on level 11 of the Dungeon.
             The game lasted 00:27:44 (3943 turns).

4thArraOfDagon the Arsonist (DEFE)                  Turns: 3943, Time: 00:27:45

Health: -24/54     AC:  4    Str:  5    XL:     11   Next: 71%
Magic:  21/27      EV: 18    Int: 24    God:    Sif Muna [****..]
Gold:   565        SH:  0    Dex: 20    Spells: 16/31 levels left

rFire    . . .     SeeInvis .   K - +0 scythe
rCold    . . .     Gourm    .   (shield currently unavailable)
rNeg     + . .     Faith    .   a - +0 robe
rPois    .         Spirit   .   q - +0 helmet
rElec    .         Reflect  .   d - +0 cloak
rCorr    .         Harm     .   (no gloves)
MR       +....                  (no boots)
Stlth    +++.......             (no amulet)
HPRegen  0.18/turn              L - ring of positive energy
MPRegen  0.20/turn              B - ring of wizardry

@: agile, divine energy
A: no striking features
a: Stop Divine Energy, Channel Magic, Forget Spell, Renounce Religion


You were on level 11 of the Dungeon.
You worshipped Sif Muna.
Sif Muna was greatly pleased with you.
You were not hungry.

You visited 1 branch of the dungeon, and saw 11 of its levels.

You collected 565 gold pieces.

Inventory:

Hand Weapons
 j - a +0 war axe
 G - a +0 halberd
 K - a +0 scythe (weapon)
Armour
 a - a +0 robe (worn)
 d - a +0 cloak (worn)
 i - a +3 ring mail
 q - a +0 helmet (worn)
Magical Staves
 y - an uncursed staff of air
Jewellery
 n - an uncursed ring of protection from fire
 B - a ring of wizardry (right hand)
 F - an uncursed ring of stealth
 L - a ring of positive energy (left hand)
Wands
 h - a wand of random effects (50)
 k - a wand of flame (13)
 D - a wand of polymorph (9)
 E - a wand of enslavement (17)
Scrolls
 f - 2 scrolls of noise
 p - 6 scrolls of remove curse
 r - a scroll of acquirement {unknown}
 s - 2 scrolls of blinking
 t - a scroll of enchant weapon {unknown}
 v - 2 scrolls of teleportation {unknown}
 H - a scroll of enchant armour {unknown}
Potions
 l - 3 potions of might
 m - a potion of flight
 w - a potion of degeneration
 x - a potion of haste
 z - a potion of mutation
 A - a potion of curing
 C - a potion of brilliance
Books
 b - a book of Flames

   Spells                             Type                      Level
   a - Flame Tongue                   Conjuration/Fire             1
   b - Throw Flame                    Conjuration/Fire             2
   c - Conjure Flame                  Conjuration/Fire             3
   d - Inner Flame                    Hexes/Fire                   3
   e - Sticky Flame                   Conjuration/Fire             4
   f - Fireball                       Conjuration/Fire             5
 e - Sif Muna's Incunabulum of Intoxication and Dark Arts
   (Sif Muna gifted it to you on level 10 of the Dungeon)

   Spells                             Type                      Level
   a - Sting                          Conjuration/Poison           1
   b - Animate Skeleton               Necromancy                   1
   c - Corpse Rot                     Necromancy                   2
   d - Sublimation of Blood           Necromancy                   2
   e - Ignite Poison                  Fire/Transmutation/Poison    3
   f - Bolt of Draining               Conjuration/Necromancy       5
Comestibles
 c - 6 bread rations
 g - 3 meat rations
 o - 5 chunks of flesh
 I - a royal jelly


   Skills:
 - Level 2.4 Dodging
 - Level 2.4 Stealth
 + Level 10.7 Spellcasting
 * Level 12.1 Conjurations
 * Level 12.4 Fire Magic
 + Level 8.2 Invocations


You had 16 spell levels left.
You knew the following spells:

 Your Spells              Type           Power        Failure   Level  Hunger
a - Flame Tongue          Conj/Fire      #####        1%          1    None
b - Conjure Flame         Conj/Fire      ######..     1%          3    None
c - Sticky Flame          Conj/Fire      ######..     1%          4    None
d - Fireball              Conj/Fire      ######....   1%          5    ####...
e - Blink                 Tloc           N/A          3%          2    None


Dungeon Overview and Level Annotations

Branches:
Dungeon (11/15)            Temple (0/1) D:6
   Lair: D:8-11         Orc: D:9-12

Altars:
Gozag
Hepliaklqana
Nemelex Xobeh
Qazlal
Sif Muna
Trog
Xom

Shops:
D:8 (

Annotations:
D:8 p0werm0de's ghost, novice OpAM


Message History

You swing at nothing.
You swing at nothing.
You swing at nothing.
The cyclops shouts!
The cyclops throws a large rock.
The large rock hits you!!!
Ouch! That really hurt!
* * * LOW HITPOINT WARNING * * *
You see here a large rock.
The cyclops throws a large rock.
The large rock misses you.
You see here a throwing net.
Unknown command.
Okay, then.
Unknown command.
Unknown command.
Unknown command.
You feel agile all of a sudden.
Unknown command.
The cyclops throws a large rock.
The large rock hits you!!
Ouch! That really hurt!
You die...

#......# ##.##### #.. ).#
#.# .## #.# .# #.#
.########## ###.#### #####
..........# #......#
...... ..........#
#......# ###$C....
..........# #..@...#
#........
..........####(.....####(#
............##(.....##...#
#
.......)..#..(.......(.###
#..###
..........####..[[..####
#.... #######.### ###.####
# #...# ##.C#### ######
#####'### #...?.(#
####..... .......#
#......# ##........


You could see a cyclops.

Vanquished Creatures
  A hydra (D:11)
  A two-headed ogre (D:9)
  Pikel (D:5)
  A cyclops (D:11)
  A centaur zombie (D:10)
  Grinder (D:6)
  A hippogriff (D:10)
  A wyvern (D:11)
  8 yaks
  2 hungry ghosts
  Menkaure (D:6)
  A soldier ant (D:11)
  A water moccasin (D:10)
  3 orc warriors
  4 ice beasts
  2 sky beasts
  4 phantoms
  2 ogres
  2 necrophages
  4 centaurs
  4 bullfrogs
  A gnoll sergeant (D:10)
  A wyvern skeleton (D:10)
  2 scorpions
  6 killer bees
  7 wights
  2 quasits
  5 hounds
  A jelly (D:6)
  8 orc wizards
  Jessica (D:2)
  An iguana (D:4)
  Natasha (thrice) (D:4)
  6 worker ants
  A howler monkey zombie (D:7)
  A worker ant zombie (D:6)
  10 gnolls
  12 adders
  A howler monkey skeleton (D:4)
  4 shadow imps
  2 white imps
  An ooze (D:4)
  An adder skeleton (D:4)
  A dart slug (D:4)
  A worm (D:2)
  4 leopard geckos
  23 orcs
  8 giant cockroaches
  6 goblins
  9 hobgoblins
  6 jackals
  5 kobolds
  3 quokkas
  2 ball pythons
  7 bats
  3 frilled lizards
  7 rats
208 creatures vanquished.

Notes
Turn   | Place    | Note
-------+----------+-------------------------------------------
     0 | D:1      | 4thArraOfDagon the Deep Elf Fire Elementalist began the quest for the Orb.
     0 | D:1      | Reached XP level 1. HP: 10/10 MP: 6/6
    25 | D:2      | Reached XP level 2. HP: 14/15 MP: 2/8
   174 | D:2      | Reached XP level 3. HP: 19/19 MP: 4/9
   179 | D:2      | Learned a level 3 spell: Conjure Flame
   224 | D:5      | Entered Level 5 of the Dungeon
   264 | D:4      | Noticed Natasha
   266 | D:4      | Killed Natasha
   271 | D:4      | Reached XP level 4. HP: 23/24 MP: 6/11
   287 | D:4      | Learned a level 4 spell: Sticky Flame
   301 | D:4      | Noticed Natasha
   305 | D:4      | Killed Natasha
   355 | D:6      | Reached XP level 5. HP: 26/28 MP: 4/13
   426 | D:7      | Found a deep blue altar of Sif Muna.
   435 | D:7      | Became a worshipper of Sif Muna the Loreminder
   468 | D:6      | Noticed an ogre
   474 | D:6      | Killed an ogre
   474 | D:6      | Reached skill level 5 in Fire Magic
   494 | D:6      | Noticed Grinder
   513 | D:6      | Reached skill level 1 in Invocations
   549 | D:6      | Killed Grinder
   549 | D:6      | Reached XP level 6. HP: 32/32 MP: 1/15
   641 | D:5      | Reached skill level 5 in Spellcasting
   641 | D:5      | Reached XP level 7. HP: 34/36 MP: 5/16
   790 | D:5      | Reached * piety under Sif Muna
   790 | D:5      | Reached skill level 5 in Conjurations
   914 | D:4      | Noticed Natasha
   918 | D:4      | Killed Natasha
  1184 | D:2      | Noticed Jessica
  1187 | D:2      | Killed Jessica
  1187 | D:2      | Reached ** piety under Sif Muna
  1245 | D:2      | Found a bloodstained altar of Trog.
  1245 | D:2      | Found a sparkling altar of Nemelex Xobeh.
  1253 | D:2      | Found an opulent altar of Gozag.
  1587 | D:3      | Reached XP level 8. HP: 23/41 MP: 5/18
  1772 | D:5      | Noticed Pikel
  1807 | D:5      | Killed Pikel
  1966 | D:6      | Learned a level 5 spell: Fireball
  2012 | D:6      | Reached *** piety under Sif Muna
  2038 | D:6      | Reached XP level 9. HP: 36/45 MP: 5/21
  2040 | D:6      | Found a stormy altar of Qazlal.
  2070 | D:6      | Found a staircase to the Ecumenical Temple.
  2071 | D:6      | Noticed Menkaure
  2082 | D:6      | Killed Menkaure
  2298 | D:7      | Learned a level 2 spell: Blink
  2624 | D:7      | Reached skill level 5 in Invocations
  2641 | D:7      | Reached **** piety under Sif Muna
  2823 | D:7      | You fall through a shaft for 2 floors!
  2841 | D:8      | Found Hoedaz's Weapon Boutique.
  2866 | D:8      | Noticed p0werm0de's ghost (novice OpAM)
  2889 | D:9      | Found a hazy altar of Hepliaklqana.
  2890 | D:9      | Found a shimmering altar of Xom.
  2891 | D:9      | Noticed a spectral ugly thing
  2907 | D:9      | Noticed a two-headed ogre
  2933 | D:9      | Killed a two-headed ogre
  3030 | D:10     | Entered Level 10 of the Dungeon
  3055 | D:10     | Reached XP level 10. HP: 47/50 MP: 10/24
  3076 | D:10     | Reached skill level 10 in Fire Magic
  3180 | D:10     | Reached ***** piety under Sif Muna
  3180 | D:10     | Identified Sif Muna's Incunabulum of Intoxication and Dark Arts (Sif Muna gifted it to you on level 10 of the Dungeon)
  3180 | D:10     | Received a gift from Sif Muna
  3180 | D:10     | Reached skill level 10 in Spellcasting
  3180 | D:10     | Reached XP level 11. HP: 25/54 MP: 23/27
  3490 | D:11     | Noticed a six-headed hydra
  3857 | D:11     | Killed a six-headed hydra
  3943 | D:11     | Hit by a large rock thrown by a cyclops

Vault maps used:
D:1:      lemuel_arrival_hallway
D:2:      gammafunk_temple_overflow_claw, serial_corexii_hall,
          corexii_hall_statues_x, corexii_hall_statues_t, uniq_jessica
D:3:      minivault_26
D:4:      kennysheep_crisscross, uniq_natasha
D:5:      first_bread, uniq_pikel
D:6:      temple_fountains, grunt_qazlal_clouds, uniq_menkaure, uniq_grinder
D:7:      minmay_the_grid_square_5x5_3x3, overflow_temple_1_default
D:8:      erik_lair_dragon, serial_shops, shop_fountains, serial_glass,
          glass_columns_a, glass_columns_a, nemelex_lonely_heart_becter,
          uniq_joseph, uniq_grum
D:9:      regret_index_temple_of_mockery, hangedman_fish_farm,
          minmay_crystal_water, jmf_multi_god_temple2, uniq_maurice

Skill      XL: |  1  2  3  4  5  6  7  8  9 10 11 |
---------------+----------------------------------+-----
Conjurations   | 2 3 4 6 7 9 11 12 | 12.1
Fire Magic     | 4 5 6 8 9 11 12 | 12.4
Spellcasting   | 4 5 7 8 10 | 10.7
Invocations    | 1 2 3 4 5 7 8 |  8.2
Dodging        | |  2.4
Stealth        | |  2.4

Action                   |  1- 3 |  4- 6 |  7- 9 | 10-12 || total
-------------------------+-------+-------+-------+-------++-------
Melee: Unarmed           |       |     1 |       |       ||     1
       War axe           |       |       |    33 |       ||    33
       Staff             |       |       |    46 |       ||    46
       Scythe            |       |       |       |    36 ||    36
Throw: Throwing net      |       |       |     2 |     1 ||     3
 Cast: Flame Tongue      |    26 |    19 |   193 |    65 ||   303
       Sticky Flame      |       |     4 |    30 |    15 ||    49
       Conjure Flame     |       |     3 |     8 |    18 ||    29
       Fireball          |       |       |     3 |    28 ||    31
Invok: Divine Energy     |       |       |     1 |       ||     1
       Channel Magic     |       |       |       |     7 ||     7
Evoke: Wand              |     2 |     4 |    18 |     3 ||    27
  Use: Scroll            |     3 |       |       |     7 ||    10
       Potion            |       |     2 |     4 |     2 ||     8
  Eat: Chunk             |       |       |     9 |    13 ||    22
       Royal jelly       |       |       |     2 |       ||     2
Armor: Robe              |     3 |       |    38 |     5 ||    46
Dodge: Dodged            |    14 |     3 |   119 |    34 ||   170

Table legend:
 A = Spawn XP
 B = Non-spawn XP
 C = Spawn XP percentage of total XP
 D = Spawn monster count
 E = Non-spawn monster count
 F = Spawn count percentage of total count
 G = Total turns spent on level
                    A         B        C        D         E        F      G
               +---------+---------+-------+---------+---------+-------+---------
         Total |       0 |   12439 |   0.0 |       0 |     208 |   0.0 |  3943
               +---------+---------+-------+---------+---------+-------+---------
           D:1 |       0 |      26 |   0.0 |       0 |      18 |   0.0 |   206
           D:2 |       0 |     114 |   0.0 |       0 |      22 |   0.0 |   413
           D:3 |       0 |     143 |   0.0 |       0 |      18 |   0.0 |   244
           D:4 |       0 |     472 |   0.0 |       0 |      28 |   0.0 |   371
           D:5 |       0 |    1201 |   0.0 |       0 |       6 |   0.0 |   465
           D:6 |       0 |    1259 |   0.0 |       0 |      28 |   0.0 |   511
           D:7 |       0 |     978 |   0.0 |       0 |      14 |   0.0 |   613
           D:8 |       0 |     192 |   0.0 |       0 |       2 |   0.0 |    41
           D:9 |       0 |    1282 |   0.0 |       0 |       9 |   0.0 |   210
          D:10 |       0 |    3045 |   0.0 |       0 |      36 |   0.0 |   325
          D:11 |       0 |    3727 |   0.0 |       0 |      27 |   0.0 |   544
               +---------+---------+-------+---------+---------+-------+---------
